ORI
UNIVERSITY OF VIRGINIA CAVALIERS @ UNIVERSITY OF FLORIDA GATORS
10/06/2046
 
TOP OF THE 1ST
University of Virginia Cavaliers batting - Pitching for University of Florida Gators : LHP Alex Zepeda
Pitching: LHP Alex Zepeda
Batting: RHB Scott Anderson 0-0: Called Strike
0-1: Swinging Strike
0-2: Ball
1-2: Foul Ball, location: 2F
1-2: Ball
2-2: Ball
3-2: Ground out 6-3 (Groundball, 6, EV 82.5 MPH)
Batting: RHB Pedro Lopez 0-0: Ball
1-0: Foul Ball, location: 2F
1-1: Ball
2-1: Foul Ball, location: 2F
2-2: Foul Ball, location: 2F
2-2: Foul Ball, location: 2F
2-2: Strikes out swinging
Batting: LHB Ray Nichter 0-0: Ball
1-0: Called Strike
1-1: Ground out U3 (Groundball, 3, EV 90.0 MPH)
Top of the 1st over - 0 runs, 0 hits, 0 errors, 0 left on base; University of Virginia 0 - University of Florida 0
BOTTOM OF THE 1ST
University of Florida Gators batting - Pitching for University of Virginia Cavaliers : LHP Robin Thurgood
Pitching: LHP Robin Thurgood
Batting: LHB Juan Cadavid 0-0: Called Strike
0-1: Ball
1-1: Ball
2-1: Ground out 4-3 (Groundball, 4D, EV 109.4 MPH)
Batting: SHB Nathan Clement 0-0: Foul Ball, location: 2F
0-1: SINGLE (Groundball, 13S, EV 74.4 MPH) (infield hit)
Batting: RHB Marco Morales 0-0: Called Strike
0-1: Ball
1-1: Fielders Choice at 2nd, 3-6 (Groundball, 34, EV 86.9 MPH)
Batting: RHB Josh Benefield 0-0: Ball
1-0: Ball
2-0: Ball
3-0: Called Strike
3-1: Foul Ball, location: 2F
3-2: Foul Ball, location: 2F
3-2: Ground out 5-3 (Groundball, 56, EV 104.4 MPH)
Bottom of the 1st over - 0 runs, 1 hit, 0 errors, 1 left on base; University of Virginia 0 - University of Florida 0
TOP OF THE 2ND
University of Virginia Cavaliers batting - Pitching for University of Florida Gators : LHP Alex Zepeda
Batting: RHB Luke Bertrand 0-0: Ball
1-0: Foul Ball, location: 2F
1-1: Foul Ball, location: 2F
1-2: Strikes out swinging
Batting: RHB Jose Velez 0-0: Ball
1-0: Ball
2-0: Swinging Strike
2-1: Swinging Strike
2-2: Ground out 5-3 (Groundball, 5, EV 105.0 MPH)
Batting: LHB Alex Aguilar 0-0: Called Strike
0-1: Foul Ball, location: 2F
0-2: Strikes out swinging
Top of the 2nd over - 0 runs, 0 hits, 0 errors, 0 left on base; University of Virginia 0 - University of Florida 0
BOTTOM OF THE 2ND
University of Florida Gators batting - Pitching for University of Virginia Cavaliers : LHP Robin Thurgood
Batting: RHB Luis Cabera 0-0: Fly out, F7 (Flyball, 78M, EV 86.9 MPH)
Batting: RHB Trent Spivey 0-0: Called Strike
0-1: Called Strike
0-2: Foul Ball, location: 2F
0-2: Ball
1-2: Ball
2-2: Ground out 6-3 (Groundball, 56, EV 98.8 MPH)
Batting: RHB Sumio Takahashi 0-0: Ball
1-0: Foul Ball, location: 2F
1-1: DOUBLE (Line Drive, 9LM, EV 98.1 MPH)
Batting: RHB Lião Weishampt 0-0: Ground out 5-3 (Groundball, 56, EV 91.2 MPH)
Bottom of the 2nd over - 0 runs, 1 hit, 0 errors, 1 left on base; University of Virginia 0 - University of Florida 0
TOP OF THE 3RD
University of Virginia Cavaliers batting - Pitching for University of Florida Gators : LHP Alex Zepeda
Batting: LHB Edelberto Barbas 0-0: Foul Ball, location: 2F
0-1: Swinging Strike
0-2: Foul Ball, location: 2F
0-2: Ball
1-2: Strikes out swinging
Batting: SHB Mink Hendriks 0-0: Called Strike
0-1: Ball
1-1: Ball
2-1: Fly out, F7 (Flyball, 7, EV 87.5 MPH)
Batting: RHB Nick Cech 0-0: Swinging Strike
0-1: Foul Ball, location: 2F
0-2: Ground out 6-3 (Groundball, 6, EV 85.0 MPH)
Top of the 3rd over - 0 runs, 0 hits, 0 errors, 0 left on base; University of Virginia 0 - University of Florida 0
BOTTOM OF THE 3RD
University of Florida Gators batting - Pitching for University of Virginia Cavaliers : LHP Robin Thurgood
Batting: RHB Danny Cisneros 0-0: Called Strike
0-1: Called Strike
0-2: Ball
1-2: Strikes out swinging
Batting: LHB Juan Cadavid 0-0: Foul Ball, location: 2F
0-1: Ball
1-1: Ball
2-1: Swinging Strike
2-2: Foul Ball, location: 2F
2-2: SINGLE (Groundball, 6S, EV 66.2 MPH) (infield hit)
Batting: SHB Nathan Clement 0-0: Called Strike
0-1: Ball
Juan Cadavid is caught stealing 2nd base 2-4
1-1: Swinging Strike
1-2: Ball
2-2: Ground out 6-3 (Groundball, 6, EV 76.9 MPH)
Bottom of the 3rd over - 0 runs, 1 hit, 0 errors, 0 left on base; University of Virginia 0 - University of Florida 0
TOP OF THE 4TH
University of Virginia Cavaliers batting - Pitching for University of Florida Gators : LHP Alex Zepeda
Batting: RHB Scott Anderson 0-0: Swinging Strike
0-1: Called Strike
0-2: Ball
1-2: Strikes out swinging passed ball, reaches first!
Batting: RHB Pedro Lopez 0-0: Called Strike
0-1: Swinging Strike
0-2: Foul Ball, location: 2F
0-2: Ball
1-2: Foul Ball, location: 2F
1-2: Strikes out swinging
Batting: LHB Ray Nichter 0-0: Ball
1-0: Ball
2-0: Called Strike
2-1: Foul Ball, location: 2F
2-2: Foul Ball, location: 2F
2-2: Fielders Choice at 2nd, 4-6 (Groundball, 34S, EV 80.6 MPH)
Batting: RHB Luke Bertrand 0-0: Ball
1-0: SINGLE (Groundball, 6M, EV 106.9 MPH) (infield hit)
Ray Nichter to second
Batting: RHB Jose Velez 0-0: Foul Ball, location: 2F
0-1: Ball
1-1: Ball
2-1: Ball
3-1: Foul Ball, location: 2F
3-2: Strikes out swinging
Top of the 4th over - 0 runs, 1 hit, 0 errors, 2 left on base; University of Virginia 0 - University of Florida 0
BOTTOM OF THE 4TH
University of Florida Gators batting - Pitching for University of Virginia Cavaliers : LHP Robin Thurgood
Batting: RHB Marco Morales 0-0: Foul Ball, location: 2F
0-1: Ball
1-1: Called Strike
1-2: Hit by Pitch
Batting: RHB Josh Benefield 0-0: Ball
Marco Morales is caught stealing 2nd base 2-4
1-0: Called Strike
1-1: Fly out, F7 (Flyball, 78S, EV 87.5 MPH)
Batting: RHB Luis Cabera 0-0: Called Strike
0-1: Ball
1-1: SOLO HOME RUN (Flyball, 7LD, EV 92.5 MPH), Distance : 348 ft
Batting: RHB Trent Spivey 0-0: Ground out U3 (Groundball, 34, EV 83.1 MPH)
Bottom of the 4th over - 1 run, 1 hit, 0 errors, 0 left on base; University of Virginia 0 - University of Florida 1
TOP OF THE 5TH
University of Virginia Cavaliers batting - Pitching for University of Florida Gators : LHP Alex Zepeda
Batting: LHB Alex Aguilar 0-0: Ball
1-0: Ball
2-0: Called Strike
2-1: Ball
3-1: Ground out U3 (Groundball, 3, EV 87.5 MPH)
Batting: LHB Edelberto Barbas 0-0: Ball
1-0: Called Strike
1-1: Fly out, F9 (Flyball, 9, EV 95.6 MPH)
Batting: SHB Mink Hendriks 0-0: Ball
1-0: Called Strike
1-1: Foul Ball, location: 2F
1-2: Foul Ball, location: 2F
1-2: Ball
2-2: Foul Ball, location: 2F
2-2: Ground out 6-3 (Groundball, 6, EV 108.8 MPH)
Top of the 5th over - 0 runs, 0 hits, 0 errors, 0 left on base; University of Virginia 0 - University of Florida 1
BOTTOM OF THE 5TH
University of Florida Gators batting - Pitching for University of Virginia Cavaliers : LHP Robin Thurgood
Batting: RHB Sumio Takahashi 0-0: Ball
1-0: DOUBLE (Line Drive, 9LS, EV 95.0 MPH)
Batting: RHB Lião Weishampt 0-0: Foul Ball, location: 2F
0-1: Swinging Strike
0-2: Ball
1-2: Foul Ball, location: 2F
1-2: Strikes out swinging
Batting: RHB Danny Cisneros 0-0: Ball
1-0: Ball
2-0: Foul Ball, location: 2F
2-1: Ball
3-1: Base on Balls
Batting: LHB Juan Cadavid 0-0: Ball
1-0: Fielders Choice at 2nd, 6-4 (Groundball, 6, EV 86.9 MPH)
Sumio Takahashi to third
Batting: SHB Nathan Clement 0-0: Called Strike
0-1: Foul Ball, location: 2F
0-2: Strikes out looking
Bottom of the 5th over - 0 runs, 1 hit, 0 errors, 2 left on base; University of Virginia 0 - University of Florida 1
TOP OF THE 6TH
University of Virginia Cavaliers batting - Pitching for University of Florida Gators : LHP Alex Zepeda
Pitching: RHP Marv Harris
Pinch Hitting: RHB Eddy Amaya 0-0: Called Strike
0-1: Foul Ball, location: 2F
0-2: Foul Ball, location: 2F
0-2: Foul Ball, location: 2F
0-2: Foul Ball, location: 2F
0-2: Foul Ball, location: 2F
0-2: Foul Ball, location: 2F
0-2: Ball
1-2: Ball
2-2: Ball
3-2: Fly out, F8 (Line Drive, 89D, EV 103.8 MPH)
Pinch Hitting: RHB Rob Coble 0-0: Ball
1-0: Ground out 5-3 (Groundball, 56S, EV 83.1 MPH)
Pinch Hitting: RHB Allen McCaskill 0-0: Fly out, F9 (Line Drive, 9, EV 103.8 MPH)
Top of the 6th over - 0 runs, 0 hits, 0 errors, 0 left on base; University of Virginia 0 - University of Florida 1
BOTTOM OF THE 6TH
University of Florida Gators batting - Pitching for University of Virginia Cavaliers : LHP Robin Thurgood
Now at 2B: Jason Thresher
Now at 3B: Allen McCaskill
Now in LF: Rob Coble
Batting: RHB Marco Morales 0-0: Ball
1-0: SINGLE (Groundball, 34D, EV 105.6 MPH)
Batting: RHB Josh Benefield 0-0: Ball
1-0: Ball
2-0: SINGLE (Groundball, 34, EV 105.6 MPH)
Marco Morales to second
Runner from 2nd tries for 3rd, SAFE, no throw by RF
Pitching: RHP Mark Odom
Batting: RHB Luis Cabera 0-0: Foul Ball, location: 2F
0-1: Called Strike
0-2: Foul Ball, location: 2F
0-2: SINGLE (Line Drive, 56D, EV 95.0 MPH)
Marco Morales scores
Josh Benefield to second
Batting: RHB Trent Spivey 0-0: Foul Ball, location: 2F
0-1: Grounds into double play, 5-4-3 (Groundball, 56, EV 83.1 MPH)
Josh Benefield to third
Batting: RHB Sumio Takahashi 0-0: Ball
1-0: Ball
2-0: Ball
3-0: Called Strike
3-1: Base on Balls
Batting: RHB Lião Weishampt 0-0: Called Strike
0-1: Ball
1-1: Swinging Strike
1-2: Ball
2-2: Strikes out swinging
Bottom of the 6th over - 1 run, 3 hits, 0 errors, 2 left on base; University of Virginia 0 - University of Florida 2
TOP OF THE 7TH
University of Virginia Cavaliers batting - Pitching for University of Florida Gators : RHP Marv Harris
Batting: LHB Ray Nichter 0-0: Foul Ball, location: 2F
0-1: Foul Ball, location: 2F
0-2: Ball
1-2: Ball
2-2: Strikes out looking
Batting: RHB Luke Bertrand 0-0: Ball
1-0: Foul Ball, location: 2F
1-1: Ball
2-1: Ground out 3-1 (Groundball, 34, EV 86.2 MPH)
Batting: RHB Jose Velez 0-0: Ball
1-0: Ball
2-0: Ball
3-0: Base on Balls
Batting: LHB Alex Aguilar 0-0: Ball
1-0: Foul Ball, location: 2F
1-1: Called Strike
1-2: Foul Ball, location: 2F
1-2: 2-RUN HOME RUN (Flyball, 9LD, EV 93.8 MPH), Distance : 340 ft
Batting: LHB Edelberto Barbas 0-0: Ball
1-0: Ball
2-0: Called Strike
2-1: Called Strike
2-2: Foul Ball, location: 2F
2-2: Ball
3-2: Strikes out swinging
Top of the 7th over - 2 runs, 1 hit, 0 errors, 0 left on base; University of Virginia 2 - University of Florida 2
BOTTOM OF THE 7TH
University of Florida Gators batting - Pitching for University of Virginia Cavaliers : RHP Mark Odom
Pitching: RHP Joe Miller
Batting: RHB Danny Cisneros 0-0: Ball
1-0: Called Strike
1-1: Ball
2-1: Foul Ball, location: 2F
2-2: Ball
3-2: Strikes out looking
Batting: LHB Juan Cadavid 0-0: Ground out U3 (Groundball, 34S, EV 78.8 MPH)
Batting: SHB Nathan Clement 0-0: Called Strike
0-1: Ball
1-1: Called Strike
1-2: Foul Ball, location: 2F
1-2: Strikes out looking
Bottom of the 7th over - 0 runs, 0 hits, 0 errors, 0 left on base; University of Virginia 2 - University of Florida 2
TOP OF THE 8TH
University of Virginia Cavaliers batting - Pitching for University of Florida Gators : RHP Marv Harris
Pitching: RHP David Villanueva
Batting: SHB Mink Hendriks 0-0: Ball
1-0: Called Strike
1-1: Ball
2-1: Ball
3-1: Base on Balls
Batting: RHB Jason Thresher 0-0: Bunt missed!
0-1: Bunted foul
0-2: Ball
1-2: Ball
2-2: Ball
3-2: Base on Balls
Mink Hendriks to second
Batting: RHB Rob Coble 0-0: Foul Ball, location: 2F
0-1: Ball
1-1: Ball
2-1: Foul Ball, location: 2F
2-2: Ball
3-2: DOUBLE (Groundball, 5L, EV 103.1 MPH)
Mink Hendriks scores
Jason Thresher to third
Batting: RHB Allen McCaskill 0-0: Ball
1-0: Ground out 6-3 (Groundball, 6, EV 83.8 MPH)
Batting: LHB Ray Nichter 0-0: Intentional Walk
Batting: RHB Leo Baxter 0-0: Called Strike
0-1: Called Strike
0-2: Foul Ball, location: 2F
0-2: Ball
1-2: Reached on error, E2 (Groundball, 2R, EV 70.0 MPH)
Jason Thresher scores
Rob Coble to third
Ray Nichter to second
Batting: RHB Jose Velez 0-0: Foul Ball, location: 2F
0-1: Swinging Strike
0-2: Ball
1-2: Ball
2-2: Ball
3-2: Base on Balls
Rob Coble scores
Ray Nichter to third
Leo Baxter to second
Pitching: RHP Carlos Figueroa
Batting: LHB Alex Aguilar 0-0: Foul Ball, location: 2F
0-1: SINGLE (Line Drive, 8RS, EV 103.8 MPH)
Ray Nichter scores
Leo Baxter to third
Jose Velez to second
Batting: LHB Edelberto Barbas 0-0: Ball
1-0: Ball
2-0: Fly out, F8 (Flyball, 89M, EV 90.0 MPH)
Runner from 3rd tags up, SCORES, throw by CF
Jose Velez to third
Batting: SHB Mink Hendriks 0-0: Fly out, F7 (Flyball, 78M, EV 92.5 MPH)
Top of the 8th over - 5 runs, 2 hits, 1 error, 2 left on base; University of Virginia 7 - University of Florida 2
BOTTOM OF THE 8TH
University of Florida Gators batting - Pitching for University of Virginia Cavaliers : RHP Joe Miller
Pinch Hitting: SHB Pat Justice 0-0: Called Strike
0-1: Ball
1-1: Ground out 4-3 (Groundball, 4M, EV 91.2 MPH)
Pinch Hitting: LHB Dave Newsome 0-0: Ball
1-0: Ball
2-0: Called Strike
2-1: Foul Ball, location: 2F
2-2: Ball
3-2: Foul Ball, location: 2F
3-2: Ground out U3 (Groundball, 34S, EV 81.9 MPH)
Batting: RHB Luis Cabera 0-0: Reached on error, E6 (Groundball, 6, EV 86.2 MPH)
Pinch Hitting: RHB Juan Lopez 0-0: Ball
1-0: Foul Ball, location: 2F
1-1: Ball
2-1: Foul Ball, location: 2F
2-2: TRIPLE (Line Drive, 78XD, EV 101.9 MPH)
Luis Cabera scores
Pitching: RHP Fita Muzorewa
Batting: RHB Sumio Takahashi 0-0: Foul Ball, location: 2F
0-1: Ball
1-1: Ball
2-1: Fly out, F9 (Flyball, 9, EV 96.2 MPH)
Bottom of the 8th over - 1 run, 1 hit, 1 error, 1 left on base; University of Virginia 7 - University of Florida 3
TOP OF THE 9TH
University of Virginia Cavaliers batting - Pitching for University of Florida Gators : RHP Carlos Figueroa
Now at 3B: Juan Lopez
Now at SS: Pat Justice
Now in RF: Dave Newsome
Batting: RHB Jason Thresher 0-0: Called Strike
0-1: Ball
1-1: SOLO HOME RUN (Flyball, 78XD, EV 98.8 MPH), Distance : 411 ft
Batting: RHB Rob Coble 0-0: Ball
1-0: Foul Ball, location: 2F
1-1: Foul Ball, location: 2F
1-2: Fly out, F2 (Popup, 3SF, EV 76.9 MPH)
Batting: RHB Allen McCaskill 0-0: Called Strike
0-1: Ball
1-1: Ground out 4-3 (Groundball, 4, EV 99.4 MPH)
Batting: LHB Ray Nichter 0-0: Called Strike
0-1: Swinging Strike
0-2: Reached on error, E2 (Groundball, 2L, EV 70.6 MPH)
Batting: RHB Leo Baxter 0-0: Ground out 6-3 (Groundball, 6S, EV 88.1 MPH)
Top of the 9th over - 1 run, 1 hit, 1 error, 1 left on base; University of Virginia 8 - University of Florida 3
BOTTOM OF THE 9TH
University of Florida Gators batting - Pitching for University of Virginia Cavaliers : RHP Fita Muzorewa
Pinch Hitting: SHB Michael Medina 0-0: Called Strike
0-1: Ball
1-1: SOLO HOME RUN (Flyball, 9LD, EV 96.2 MPH), Distance : 350 ft
Batting: LHB Juan Moreno 0-0: Swinging Strike
0-1: Ball
1-1: Swinging Strike
1-2: Ball
2-2: Strikes out swinging passed ball, reaches first!
Pinch Hitting: RHB Cyril Theophanous 0-0: SINGLE (Groundball, 56S, EV 68.8 MPH) (infield hit)
Juan Moreno to second
Pitching: RHP Jesus Castaneda
Pinch Hitting: RHB Elliott Pye 0-0: Ball
1-0: Ground out 5-3 (Groundball, 56S, EV 73.1 MPH)
Juan Moreno to third
Cyril Theophanous to second
Batting: SHB Pat Justice 0-0: Called Strike
0-1: Called Strike
0-2: Ball
1-2: Foul Ball, location: 2F
1-2: Fly out, F9 (Flyball, 9, EV 88.8 MPH)
Batting: LHB Dave Newsome 0-0: Swinging Strike
0-1: Ball
1-1: Ball
2-1: Ball
3-1: Swinging Strike
3-2: Strikes out swinging
Bottom of the 9th over - 1 run, 2 hits, 0 errors, 2 left on base; University of Virginia 8 - University of Florida 4
Tuesday, September 13th , 2022 - OOTP Baseball 23.7 Build 88